 Dungeon Crawl Stone Soup version 0.31-a0-220-gc2f4f3cf83 (webtiles) character file.

Game seed: 16420398986851891457

807 qw the Chopper (level 7, 0/44 HPs)
             Began as a Gargoyle Fighter on July 3, 2023.
             Killed by nerve-wracking pain
             ... invoked by Grinder
              (4 damage)
             ... while paralysed by Grinder
             ... on level 5 of the Dungeon.
             The game lasted 00:01:46 (3468 turns).

qw the Chopper (Gargoyle Fighter)                   Turns: 3468, Time: 00:01:47

Health: 0/44       AC: 20    Str: 22    XL:     7   Next: 92%
Magic:  7/7        EV:  2    Int:  8    God:
Gold:   215        SH:  0    Dex:  9    Spells: 6/6 levels left

rFire   + . .        Y - +1 war axe (protect)
rCold   . . .        c - +0 buckler
rNeg    + . .        k - +0 chain mail {rF+}
rPois   inf          (no helmet)
rElec   +            (no cloak)
rCorr   .            (no gloves)
SInv    .            (no boots)
Will    .....        (no amulet) Stlth
                     (no ring)
HPRegen 0.27/turn    (no ring)
MPRegen 0.10/turn

%: no passive effects
@: paralysed, under a protective aura
A: sickness immunity, AC +4, negative energy resistance 1, electricity
resistance, torment resistance 1, petrification resistance
a: no special abilities


You were on level 5 of the Dungeon.
You visited 1 branch of the dungeon, and saw 5 of its levels.

You collected 215 gold pieces.


Innate Abilities, Weirdness & Mutations

You are immune to sickness and miasma.
Your stone body is resilient. (AC +4)
You are immune to poison.
You resist negative energy. (rN+)
You are resistant to electric shocks. (rElec)
You are resistant to unholy torment.
You are immune to petrification.


   Skills:
 - Level 5.1 Fighting
 + Level 7.1 Axes
 - Level 3.2 Armour
 - Level 1.2 Dodging
 - Level 3.2 Shields


You had 6 spell levels left.
You didn't know any spells.
Your spell library was empty.

Inventory:

Hand Weapons
 h - a +0 whip
 Y - a +1 war axe of protection (weapon)
Armour
 c - a +0 buckler (worn)
 k - a +0 chain mail of fire resistance (worn)
Scrolls
 j - a scroll of identify
Potions
 b - 2 potions of brilliance {unknown}
 d - a potion of might
 e - a potion of heal wounds
 f - a potion of invisibility {unknown}
 g - a potion of haste
 i - a potion of curing {unknown}
 l - a potion of attraction
 m - a potion of enlightenment {unknown}

Dungeon Overview and Level Annotations

Branches:
Dungeon (5/15)
 Temple: D:4-7

Altars:
Dithmenos
Kikubaaqudgha
Makhleb
Zin

Annotations:
D:5 Grinder, Prince Ribbit


Message History

You barely miss Grinder.
Grinder is heavily wounded.
You miss Prince Ribbit.
Prince Ribbit lets out a mournful croak.
Prince Ribbit closely misses you. You block Grinder's attack.
An orc wizard comes into view. It is wielding a +0 dagger of venom.
You hit Grinder.
Grinder is heavily wounded.
You miss Prince Ribbit.
Prince Ribbit hits you but does no damage.
Grinder hits you but does no damage. Prince Ribbit hits you!
You closely miss Grinder.
Grinder is heavily wounded.
You miss Prince Ribbit.
Prince Ribbit hits you but does no damage.
A jelly comes into view.
Grinder hits you but does no damage.
Prince Ribbit hits you but does no damage.
An orc comes into view. It is wielding a +0 dagger.
Grinder gestures at you. Pain shoots through your body!
The orc shouts!
The jelly quivers.
You hit Grinder.
Grinder is heavily wounded.
You miss Prince Ribbit.
You hear a shout!
Prince Ribbit hits you! Grinder gestures at you.
You suddenly lose the ability to move!
Prince Ribbit hits you but does no damage.
Grinder hits you but does no damage. Prince Ribbit hits you.
The orc wizard mumbles some strange words.
The orc wizard flickers and vanishes!
Deactivating autopickup; reactivate with Ctrl-A.
You hear a shout!
Prince Ribbit hits you but does no damage.
Grinder gestures at you. Pain shoots through your body!
You die...

#..###.... . .. ....
#......... .
#.###....<........# ...
..##....##$....J... ...
#..#...###.........
...###.......##......o..
....##..................
.....#.....##...@5.{..(.
.....<..........F...$...
..................#.....
.......).....##.### ....
.............##..# ...
.................# ..
..............##.. .
..#...........# ...
..#...........# ....


You could see Prince Ribbit, Grinder, a jelly and an orc.

Vanquished Creatures
  Menkaure (D:4)
  Duvessa (D:4)
  An ogre (D:5)
  2 phantoms (D:5)
  A scorpion (D:3)
  Dowan (D:4)
  2 hounds (D:4)
  2 iguanas (D:4)
  3 gnolls (D:4)
  4 adders
  2 worms (D:3)
  A dart slug (D:1)
  5 orcs (D:4)
  6 ball pythons
  5 bats
  3 endoplasms
  2 giant cockroaches
  7 goblins
  5 hobgoblins
  3 kobolds
  10 quokkas
  2 frilled lizards
  2 rats
71 creatures vanquished.

Notes
Turn   | Place    | Note
-------+----------+-------------------------------------------
     0 | D:1      | qw the Gargoyle Fighter began the quest for the Orb.
     0 | D:1      | Reached XP level 1. HP: 14/14 MP: 1/1
     0 | D:1      | 0 ||| qw: Version: 0.3-a-40-ge99b1a8
     0 | D:1      | 0 ||| qw: Game counter: 478
     0 | D:1      | 0 ||| qw: Melee chars always use a shield: true
     0 | D:1      | 0 ||| qw: God list: Okawaru
     0 | D:1      | 0 ||| qw: Allow faded altars: false
     0 | D:1      | 0 ||| qw: Do Orc after clearing Dungeon:15 true
     0 | D:1      | 0 ||| qw: Do second Lair branch before Depths: true
     0 | D:1      | 0 ||| qw: Lair rune preference: random
     0 | D:1      | 0 ||| qw: Goals: Normal, Zot:1-4, Slime:5, God:TSO, Crypt,
                  | Tomb, Abyss, Pan, Hells, Win
     0 | D:1      | 0 ||| PLANNING D:1-11
    47 | D:1      | Reached skill level 2 in Axes
   174 | D:1      | Reached XP level 2. HP: 19/19 MP: 2/2
   589 | D:1      | Reached skill level 3 in Axes
   626 | D:1      | 626 ||| DROPPING +0 club.
   732 | D:1      | 732 ||| READING scroll labelled CYEFRY NISYHA.
   947 | D:2      | Reached XP level 3. HP: 23/23 MP: 3/3
  1079 | D:2      | 1079 ||| Stepping ~*~*~tactically~*~*~ (stealth).
  1081 | D:2      | 1081 ||| Stepping ~*~*~tactically~*~*~ (stealth).
  1584 | D:2      | 1584 ||| UPGRADING to +0 chain mail of fire resistance.
  1594 | D:2      | 1594 ||| DROPPING +0 scale mail.
  1595 | D:2      | 1595 ||| READING scroll labelled BONKEQ SECH.
  1596 | D:2      | 1596 ||| READING scroll labelled MIFO KOYXKIJA.
  1597 | D:2      | 1597 ||| READING scroll labelled YLIAWI BOREUTRE.
  1598 | D:2      | 1598 ||| READING scroll labelled JAQEUF VYWOWY.
  1599 | D:2      | 1599 ||| READING scroll labelled USIKLE GEURIS.
  1600 | D:2      | 1600 ||| DRINKING 2 yellow potions.
  1601 | D:2      | 1601 ||| DRINKING 2 golden potions.
  1817 | D:3      | Noticed a scorpion
  1818 | D:3      | 1818 ||| Stepping ~*~*~tactically~*~*~ (stealth).
  1830 | D:3      | Reached XP level 4. HP: 28/28 MP: 4/4
  1860 | D:3      | Killed a scorpion
  1861 | D:3      | Reached skill level 4 in Axes
  1861 | D:3      | Reached XP level 5. HP: 22/32 MP: 5/5
  1922 | D:3      | Found an ancient bone altar of Kikubaaqudgha.
  1992 | D:3      | Found a shadowy altar of Dithmenos.
  2254 | D:3      | 2254 ||| Stepping ~*~*~tactically~*~*~ (stealth).
  2355 | D:3      | 2355 ||| READING scroll labelled ANASUF OLOFYS.
  2452 | D:4      | 2452 ||| Stepping ~*~*~tactically~*~*~ (hiding).
  2453 | D:4      | 2453 ||| Stepping ~*~*~tactically~*~*~ (hiding).
  2455 | D:4      | 2455 ||| Stepping ~*~*~tactically~*~*~ (hiding).
  2498 | D:4      | Reached skill level 5 in Axes
  2513 | D:4      | 2513 ||| Stepping ~*~*~tactically~*~*~ (stealth).
  2514 | D:4      | 2514 ||| Stepping ~*~*~tactically~*~*~ (stealth).
  2515 | D:4      | 2515 ||| Stepping ~*~*~tactically~*~*~ (stealth).
  2516 | D:4      | 2516 ||| Stepping ~*~*~tactically~*~*~ (stealth).
  2523 | D:4      | 2523 ||| Stepping ~*~*~tactically~*~*~ (stealth).
  2524 | D:4      | 2524 ||| Stepping ~*~*~tactically~*~*~ (stealth).
  2695 | D:4      | Noticed Menkaure
  2699 | D:4      | Killed Menkaure
  2700 | D:4      | Reached XP level 6. HP: 25/40 MP: 6/6
  2763 | D:4      | Noticed Duvessa
  2763 | D:4      | Noticed Dowan
  2776 | D:4      | Killed Duvessa
  2782 | D:4      | Killed Dowan
  2783 | D:4      | Reached XP level 7. HP: 21/44 MP: 7/7
  2784 | D:4      | 2784 ||| FLEEEEING.
  2788 | D:4      | 2788 ||| FLEEEEING.
  2789 | D:4      | 2789 ||| FLEEEEING.
  2790 | D:4      | 2790 ||| FLEEEEING.
  2791 | D:4      | 2791 ||| FLEEEEING.
  2797 | D:4      | 2797 ||| STAIRDANCE
  2868 | D:3      | 2868 ||| READING 2 scrolls of identify.
  2868 | D:3      | 2868 ||| IDENTIFYING fizzy black potion
  2869 | D:3      | 2869 ||| DROPPING potion of degeneration.
  2957 | D:4      | Reached skill level 6 in Axes
  3109 | D:4      | Reached skill level 1 in Dodging
  3252 | D:4      | Found a glowing silver altar of Zin.
  3252 | D:4      | Found a burning altar of Makhleb.
  3258 | D:4      | Noticed a green death
  3258 | D:4      | Noticed an angel
  3267 | D:4      | 3267 ||| DRINKING 2 fizzy golden potions.
  3310 | D:5      | Entered Level 5 of the Dungeon
  3340 | D:5      | Reached skill level 7 in Axes
  3455 | D:5      | Noticed Grinder
  3457 | D:5      | Noticed Prince Ribbit
  3466 | D:5      | HP: 8/44 [Prince Ribbit (9)]
  3466 | D:5      | Paralysed by Grinder for 4 turns
  3468 | D:5      | Killed from afar by Grinder

Levels and vault maps discovered:
D:1:      ncdulo_halloftheorcs, layout_basic
D:2:      layout_loops_corners, minmay_misc_feat_diagonals
D:3:      layout_loops_cross, mainiacjoe_overflow_boulevard,
          grunt_dithmenos_smoke, grunt_ministairs_3
D:4:      layout_rooms, grunt_temple_overflow_order_and_chaos_2,
          serial_aquarium, aquarium_bridge_island_small
          [aquarium_subvault_small_open, aquarium_subvault_window,
          aquarium_subvault_bridge, aquarium_subvault_bridge,
          aquarium_subvault_wall], aquarium_window_2, aquarium_window_fake,
          aquarium_view_2b, aquarium_view_2c, uniq_duvessa, uniq_menkaure
D:5:      layout_cave_pools, uniq_grinder, uniq_sigmund, uniq_prince_ribbit1

Skill      XL: |  1  2  3  4  5  6  7 |
---------------+----------------------+-----
Axes           | 2 3 4 5 7 |  7.1
Fighting       | 5 |  5.1
Dodging        | 1 |  1.2
Armour         | |  3.2
Shields        | |  3.2

Action                     |  1- 3 |  4- 6 |  7- 9 || total
---------------------------+-------+-------+-------++-------
  Melee: War axe           |   117 |    93 |    81 ||   291
    Use: Scroll            |     6 |     1 |     1 ||     8
         Potion            |     2 |       |     1 ||     3
 Armour: Scale mail        |    58 |       |       ||    58
         Chain mail        |     6 |    57 |    43 ||   106
  Dodge: Dodged            |    55 |    28 |    30 ||   113
  Block: Buckler           |    24 |    13 |    14 ||    51

Table legend:
 A = Non-vault XP
 B = Vault XP
 C = Vault XP percentage of total XP
 D = Non-vault monster count
 E = Vault monster count
 F = Vault count percentage of total count
                 A         B        C        D         E       F
            +---------+---------+-------+---------+---------+-------
      Total |     771 |     383 |  33.2 |      66 |       5 |   7.0
            +---------+---------+-------+---------+---------+-------
        D:1 |      30 |       0 |   0.0 |      16 |       0 |   0.0
        D:2 |      42 |       0 |   0.0 |      12 |       0 |   0.0
        D:3 |     101 |       3 |   2.9 |      10 |       2 |  16.7
        D:4 |     265 |     380 |  58.9 |      25 |       3 |  10.7
        D:5 |     333 |       0 |   0.0 |       3 |       0 |   0.0
            +---------+---------+-------+---------+---------+-------
